 Dungeon Crawl Stone Soup version 0.30-a0-778-g2ef04afb54 (webtiles) character file.

Game seed: 17206327904642036592

8 BubbleThief the Grave Robber (level 2, 19/19 HPs)
             Began as a Demonspawn Necromancer on Feb 16, 2023.
             Quit the game on level 1 of the Dungeon.
             The game lasted 00:00:45 (358 turns).

BubbleThief the Grave Robber (DsNe)                  Turns: 358, Time: 00:00:46

Health: 19/19      AC:  2    Str:  8    XL:     2   Next: 0%
Magic:  0/5        EV: 12    Int: 16    God:
Gold:   34         SH:  0    Dex: 13    Spells: 4/5 levels left

rFire   . . .      SeeInvis .    e - +0 short sword
rCold   . . .      Faith    .    (no shield)
rNeg    . . .      Spirit   .    a - +0 robe
rPois   .          Reflect  .    (no helmet)
rElec   .          Harm     .    (no cloak)
rCorr   .          Rampage  .    (no gloves)
Will    .....                    (no boots)
Stlth   ++                       (no amulet)
HPRegen 0.23/turn                (no ring)
MPRegen 0.09/turn                (no ring)

@: no status effects
A: claws 1
a: no special abilities


You were on level 1 of the Dungeon.
You visited 1 branch of the dungeon, and saw 1 of its levels.

You collected 34 gold pieces.

Inventory:

Hand Weapons
 e - a +0 short sword (weapon)
Armour
 a - a +0 robe (worn)
Scrolls
 c - a scroll of teleportation {unknown}
 d - a scroll of identify {unknown}
Potions
 b - a potion of magic


   Skills:
 - Level 1.7 Dodging
 - Level 1.7 Stealth
 + Level 2.2 Spellcasting
 * Level 4.7 Necromancy


You had 4 spell levels left.
You knew the following spells:

 Your Spells              Type           Power      Damage    Failure   Level
a - Necrotise             Necr           68%        1d7       3%          1

Your spell library contained the following spells:

 Spells                   Type           Power      Damage    Failure   Level
 Vampiric Draining        Necr           17%        2d7       9%          3
 Animate Dead             Necr           17%        N/A       28%         4
 Agony                    Necr           17%        N/A       63%         5


Dungeon Overview and Level Annotations

Branches:
Dungeon (1/15)

Altars:


Innate Abilities, Weirdness & Mutations

You have sharp fingernails.


Message History

An endoplasm comes into view.
You don't have enough magic to cast this spell.
You don't have enough magic to cast this spell.
The endoplasm hits your hobgoblin skeleton.
Your hobgoblin skeleton barely misses the endoplasm.
The endoplasm hits your hobgoblin skeleton.
Your hobgoblin skeleton hits the endoplasm.
The endoplasm hits your hobgoblin skeleton.
Something hits your hobgoblin skeleton.
Your hobgoblin skeleton hits the endoplasm.
The endoplasm dies!
Your hobgoblin skeleton crumbles into dust!
As you open the door, it creaks loudly!
There is an open door here.
You now have 34 gold pieces (gained 11).
Found a chain mail.
Found a stone staircase leading down.
You see here a staff of poison.
A hobgoblin comes into view.
Aiming: Necrotise (safe; 3% risk of failure)
Press: ? - help, Q - select action Shift-Dir - straight line, f - hobgoblin
Aim: a hobgoblin (asleep, chance to affect: 86%)
The hobgoblin shouts!
The hobgoblin writhes in agony.
A giant cockroach comes into view.
Aiming: Necrotise (safe; 3% risk of failure)
Press: ? - help, Q - select action Shift-Dir - straight line, f/p - hobgoblin
Aim: a hobgoblin (severely wounded, chance to affect: 86%)
The hobgoblin writhes in agony!
You kill the hobgoblin!
The dead are walking!
Aiming: Necrotise (safe; 3% risk of failure)
Press: ? - help, Q - select action Shift-Dir - straight line, f - giant cockroach
Aim: a giant cockroach (ally target, chance to affect: 86%)
The giant cockroach writhes in agony!
You kill the giant cockroach!
You have reached level 2!
Your demonic ancestry asserts itself...
Your fingernails lengthen.
Are you sure you want to abandon this character and quit the game? (Confirm with "yes".)

####### ....... .......
...†...
.......################
....>.Z@..|...........##
####....................
######....#########.#
#....+ ......... #....#
####..... #....# #.....
#....# #..... #....#
#..... #.....


You could see a friendly hobgoblin skeleton.

Vanquished Creatures
  A giant cockroach (D:1)
  2 hobgoblins (D:1)
  A quokka (D:1)
  A kobold (D:1)
  A rat (D:1)
6 creatures vanquished.

Vanquished Creatures (collateral kills)
  An endoplasm (D:1)
1 creature vanquished.

Grand Total: 7 creatures vanquished

Notes
Turn   | Place    | Note
-------+----------+-------------------------------------------
     0 | D:1      | BubbleThief the Demonspawn Necromancer began the quest for
                  | the Orb.
     0 | D:1      | Reached XP level 1. HP: 13/13 MP: 3/3
   358 | D:1      | Gained mutation: You have sharp fingernails. [demonic
                  | ancestry]
   358 | D:1      | Reached XP level 2. HP: 19/19 MP: 0/5
   358 | D:1      | Quit the game

Illustrated notes

Levels and vault maps discovered:
D:1:      minmay_arrival_three_doors, layout_basic

Action                     || total
---------------------------++-------
  Melee: Short sword       ||     2
   Cast: Necrotise         ||    10
 Armour: Robe              ||     1
  Dodge: Dodged            ||     1

Table legend: (Time is in decaauts)
 A = Elapsed time spent in this place.
 B = Non-inter-level travel time spent in this place.
 C = Inter-level travel time spent in this place.
 D = Time resting spent in this place.
 E = Time spent auto-exploring this place.
 F = Levels seen in this place.
 G = Mean time per level.
                   A        B        C        D        E       F      G
               +--------+--------+--------+--------+--------+-----+--------+
         Total |    357 |    357 |      0 |      0 |    313 |   1 |  357.0 |
       Dungeon |    357 |    357 |      0 |      0 |    313 |   1 |  357.0 |
               +--------+--------+--------+--------+--------+-----+--------+

Top non-repeatable levels by time:
     D:1: 357 daAuts
